 Dungeon Crawl Stone Soup version 0.28.0-45-g0d030f2227 (webtiles) character file.

Game seed: 14244305248064598901

3848 pkoi the Covered (level 9, -14/69 HPs)
             Began as a Demigod Artificer on Apr 18, 2022.
             Demolished by a polar bear (18 damage)
             ... on level 8 of the Dungeon.
             The game lasted 00:35:53 (18870 turns).

pkoi the Covered (Demigod Artificer)               Turns: 18870, Time: 00:35:54

Health: -14/69     AC:  9    Str: 20    XL:     9   Next: 66%
Magic:  12/17      EV: 13    Int: 21    God:
Gold:   1244       SH:  0    Dex: 14    Spells: 9/14 levels left

rFire   . . .      SeeInvis .   y - +5 spear (freeze)
rCold   . . .      Faith    .   (no shield)
rNeg    . . .      Spirit   .   n - +2 leather armour of Shielding {Str+3}
rPois   .          Reflect  .   i - +1 helmet
rElec   .          Harm     .   (no cloak)
rCorr   .          Rampage  .   (no gloves)
Will    .....                   r - +0 pair of boots
Stlth   +.........              (no amulet)
HPRegen 0.21/turn               (no ring)
MPRegen 0.15/turn               (no ring)

@: studying Armour
A: high MP 1, forlorn, divine attributes
a: no special abilities


You were on level 8 of the Dungeon.
You visited 1 branch of the dungeon, and saw 8 of its levels.

You collected 1244 gold pieces.

Inventory:

Hand Weapons
 a - a +0 club
 f - a +1 spectral rapier
 y - a +5 spear of freezing (weapon)
Missiles
 o - a throwing net
Armour
 b - a +0 leather armour
 i - a +1 helmet (worn)
 n - the +2 leather armour of Shielding (worn) {Str+3}
   (You found it on level 4 of the Dungeon)

   Str:       It affects your strength (+3).
 r - a +0 pair of boots (worn)
Magical Staves
 l - a staff of air
 s - a staff of conjuration
Wands
 c - a wand of flame (4) (quivered)
 k - a wand of digging (5)
 q - a wand of paralysis (7)
 t - a wand of iceblast (6)
Scrolls
 h - a scroll of fog
 m - a scroll of fear
 p - 2 scrolls of teleportation
Potions
 d - a potion of cancellation
 g - a potion of berserk rage {unknown}
 j - 3 potions of flight
 u - a potion of mutation {unknown}
 v - a potion of haste
 w - a potion of lignification
 x - a potion of curing {unknown}
Miscellaneous
 e - a piece from Xom's chessboard (15/15)


   Skills:
 - Level 3.1 Fighting
 + Level 7.7 Armour
 + Level 3.8 Dodging
 - Level 0.8 Stealth
 + Level 3.4 Spellcasting
 + Level 3.4 Hexes
 + Level 3.5 Fire Magic
 - Level 4.0 Air Magic
 - Level 4.0 Poison Magic
 + Level 6.8 Evocations


You had 9 spell levels left.
You knew the following spells:

 Your Spells              Type           Power      Damage    Failure   Level
a - Poisonous Vapours     Pois/Air       40%        N/A       4%          2
b - Inner Flame           Hex/Fire       18%        N/A       11%         3

Your spell library contained the following spells:

 Spells                   Type           Power      Damage    Failure   Level
 Corpse Rot               Necr/Air       22%        N/A       10%         2
 Ensorcelled Hibernation  Hex/Ice        20%        N/A       11%         2
 Animate Skeleton         Necr           6%         N/A       14%         1
 Pain                     Necr           12%        1d4       14%         1
 Spider Form              Tmut/Pois      11%        N/A       19%         3
 Vampiric Draining        Necr           3%         2d6       41%         3
 Anguish                  Hex/Necr       5%         N/A       58%         4
 Ignition                 Fire           9%         3d5       100%        8


Dungeon Overview and Level Annotations

Branches:
Dungeon (8/15)             Temple (0/1) D:6
   Lair: D:8-11

Shops:
D:7 ::


Innate Abilities, Weirdness & Mutations

You have an increased reservoir of magic. (+10% MP)
You shall have no god before yourself.
Your divine heritage dramatically boosts your attributes as you level up.


Message History

The polar bear closely misses you.
The polar bear claws you but does no damage.
The polar bear barely misses you.
You hit the polar bear but do no damage.
The polar bear is moderately wounded.
The polar bear bites you!
* * * LOW HITPOINT WARNING * * *
The polar bear claws you.
* * * LOW HITPOINT WARNING * * *
The polar bear barely misses you.
The polar bear bites you but does no damage.
The polar bear closely misses you.
The polar bear claws you but does no damage.
Casting: Poisonous Vapours (safe; 4% risk of failure)
Confirm with . or Enter, or press ? or * to list all spells.
Aiming: Poisonous Vapours (safe; 4% risk of failure)
Press: ? - help, Dir - move target, f/p - polar bear
Aim: a polar bear (heavily wounded, very poisoned) Poisonous vapours surround the polar bear!
The polar bear looks as sick as possible!
The polar bear bites you.
* * * LOW HITPOINT WARNING * * *
The polar bear closely misses you.
The polar bear claws you but does no damage.
You puncture the polar bear!
The polar bear is severely wounded.
The polar bear goes berserk!
You closely miss the polar bear.
The polar bear is severely wounded.
The polar bear bites you but does no damage.
The polar bear closely misses you. The polar bear barely misses you.
Unknown command.
You hit the polar bear.
The polar bear is severely wounded.
The polar bear bites you!!
* * * LOW HITPOINT WARNING * * *
The polar bear misses you.
The polar bear claws you but does no damage.
The polar bear bites you!!
You die...

### .### ..
... # .. ...
.. #. .. ...
#. #.##.#..##
#.##.........
#....?.......
#....@h......
#.........##..
...........#
..?..........
#####......!##
######...#
#..# ..#


You could see a polar bear (berserk, very poisoned).

Vanquished Creatures
  Grinder (D:6)
  Prince Ribbit (D:7)
  A yak (D:5)
  A water moccasin (D:7)
  Duvessa (D:4)
  2 sky beasts
  An ice beast (D:7)
  2 ogres
  A wolf (D:7)
  2 centaurs
  2 phantoms
  Blork the orc (D:4)
  A bullfrog (D:7)
  A gnoll sergeant (D:3)
  5 scorpions
  Dowan (D:4)
  A water moccasin skeleton (D:4)
  4 killer bees (D:7)
  3 howler monkeys
  6 wights
  6 hounds
  4 orc priests
  2 gnoll shamans (D:7)
  An iguana (D:4)
  5 orc wizards
  2 killer bee zombies
  Robin (D:2)
  27 gnolls
  7 adders
  A white imp (D:6)
  2 ufetubi
  An adder skeleton (D:4)
  An adder zombie (D:5)
  3 worms
  6 dart slugs
  37 orcs
  5 endoplasms
  A giant cockroach (D:2)
  7 hobgoblins
  23 jackals
  3 quokkas
  5 ball pythons
  6 bats
  6 frilled lizards
  13 goblins
  5 kobolds
  6 rats
224 creatures vanquished.

Vanquished Creatures (collateral kills)
  2 hound skeletons (D:4)
  2 gnolls (D:6)
  A ball python (D:1)
  2 rats (D:1)
7 creatures vanquished.

Vanquished Creatures (others)
  A hound (D:6)
  A worm (D:3)
  3 orcs (D:5)
  An endoplasm (D:4)
  A goblin (D:4)
  A hobgoblin (D:1)
  A jackal (D:3)
  A ball python (D:4)
  2 plants (D:3)
12 creatures vanquished.

Grand Total: 243 creatures vanquished

Notes
Turn   | Place    | Note
-------+----------+-------------------------------------------
     0 | D:1      | pkoi the Demigod Artificer began the quest for the Orb.
     0 | D:1      | Reached XP level 1. HP: 15/15 MP: 3/3
   847 | D:1      | Reached XP level 2. HP: 18/22 MP: 4/4
  1959 | D:2      | Reached XP level 3. HP: 7/27 MP: 5/5
  2333 | D:2      | Noticed Robin
  2352 | D:2      | Reached skill level 1 in Dodging
  2367 | D:1      | Reached skill level 2 in Armour
  3571 | D:2      | Killed Robin
  3826 | D:2      | Reached XP level 4. HP: 23/34 MP: 6/6
  4021 | D:2      | Got Nutyibio's Disquisition on Noxious Heat
  4025 | D:2      | Learned a level 2 spell: Poisonous Vapours
  4608 | D:3      | Noticed an ogre
  4636 | D:3      | Killed an ogre
  4637 | D:3      | Reached XP level 5. HP: 32/39 MP: 6/8
  4905 | D:3      | Reached skill level 3 in Armour
  5061 | D:3      | Reached skill level 1 in Spellcasting
  5061 | D:3      | Reached skill level 1 in Air Magic
  5061 | D:3      | Reached skill level 1 in Poison Magic
  5410 | D:3      | Learned a level 3 spell: Inner Flame
  6111 | D:3      | You fall into a shaft and drop 3 floors!
  6145 | D:6      | Reached XP level 6. HP: 40/46 MP: 10/10
  6181 | D:6      | Found a staircase to the Ecumenical Temple.
  6192 | D:5      | Entered Level 5 of the Dungeon
  6409 | D:4      | Reached skill level 1 in Hexes
  6409 | D:4      | Reached skill level 1 in Fire Magic
  6409 | D:4      | Reached skill level 5 in Evocations
  6794 | D:4      | Noticed Blork the orc
  7165 | D:4      | Reached skill level 4 in Armour
  7216 | D:4      | Killed Blork the orc
  7217 | D:4      | Reached XP level 7. HP: 43/51 MP: 12/12
  7323 | D:4      | Noticed Duvessa
  7323 | D:4      | Noticed Dowan
 10346 | D:3      | Reached skill level 5 in Armour
 10881 | D:4      | Identified the +2 leather armour of Shielding {Str+3}
 11286 | D:4      | Reached XP level 8. HP: 33/54 MP: 14/14
 12069 | D:4      | Reached skill level 6 in Armour
 12549 | D:5      | Reached skill level 1 in Fighting
 13495 | D:4      | Killed Duvessa
 13904 | D:4      | Killed Dowan
 14205 | D:6      | Noticed Grinder
 14259 | D:6      | Killed Grinder
 14260 | D:6      | Reached XP level 9. HP: 4/67 MP: 13/16
 15508 | D:6      | Identified a scroll of acquirement
 15508 | D:6      | Acquired 708 gold pieces
 15844 | D:7      | Reached skill level 7 in Armour
 17747 | D:7      | Found Puwalep's Book Boutique.
 18200 | D:7      | Noticed Prince Ribbit
 18205 | D:7      | Killed Prince Ribbit
 18312 | D:7      | Found Ponu's Book Emporium.
 18870 | D:8      | Demolished by a polar bear

Illustrated notes

Levels and vault maps discovered:
D:1:      amcnicky_arrival_single_pillar, layout_loops_ring,
          shapermc_ecumenical_altar_mp_ritualfount, hangedman_decor_growths
D:2:      layout_loops_ring, basic_altar, minivault_26, uniq_robin
D:3:      lemuel_castle_with_subvaults [lemuel_castle_interior_original],
          layout_basic, minmay_misc_feat_hallway, hangedman_decor_slide_cut
D:4:      minmay_evil_eye, layout_basic, uniq_duvessa, uniq_blork_the_orc
D:5:      layout_rooms, item_on_display_a
D:6:      layout_layer_cave, nicolae_kikubaaqudgha_miasma_corner,
          minmay_temple_entry_mist, uniq_grinder
D:7:      layout_rooms, serial_shops, nicolae_shop_crystal,
          nicolae_take_the_stairs, uniq_prince_ribbit1
D:8:      layout_rooms, nzn_wu_jian_council_hall, kennysheep_mini,
          dpeg_oklobed_lair, serial_ice, serial_ice_n, serial_ice_o,
          serial_ice_d, serial_ice_e, serial_ice_i, serial_ice_m, serial_ice_h,
          serial_ice_b, serial_ice_g, serial_ice_f, kennysheep_nub, uniq_maggie,
          uniq_erica, uniq_joseph

Skill      XL: |  1  2  3  4  5  6  7  8  9 |
---------------+----------------------------+-----
Evocations     | 3 4 5 6 |  6.8
Dodging        | 1 2 3 |  3.8
Armour         | 2 3 4 5 6 7 |  7.7
Spellcasting   | 1 2 3 |  3.4
Air Magic      | 1 3 4 |  4.0
Poison Magic   | 1 2 3 4 |  4.0
Hexes          | 1 2 3 |  3.4
Fire Magic     | 1 2 3 |  3.5
Fighting       | 1 3 |  3.1
Stealth        | |  0.8

Action                   |  1- 3 |  4- 6 |  7- 9 || total
-------------------------+-------+-------+-------++-------
Melee: Club              |    22 |       |       ||    22
       Rapier            |   166 |   191 |   214 ||   571
       Punch             |     3 |     4 |     4 ||    11
       Spear             |       |       |    31 ||    31
 Cast: Poisonous Vapours |       |    14 |    98 ||   112
       Inner Flame       |       |       |    24 ||    24
Evoke: Wand              |     2 |    22 |     2 ||    26
       Piece from Xom's  |       |     2 |     3 ||     5
  Use: Scroll            |     2 |     3 |    13 ||    18
 Stab: Sleeping          |     1 |       |     1 ||     2
Armor: Leather armour    |    67 |    80 |   101 ||   248
Dodge: Dodged            |   143 |   165 |   214 ||   522
